cohdb
Replays
Latest Replays
All Replays
Popular Replays
Top Player Replays
Match Explorer
How It Works
Community
CoH3 Stats
Reddit
Sign in to upload your games and track your stats! →
Sign in with Steam
Match 43906130
Unlisted
Match 43906130
Overview
Messages
Build Orders
End
Construct Barracks
Selects Special Operations Battlegroup
Selects M29 Weasel Recon Vehicle
M29 Weasel Recon Vehicle
Riflemen Squad
Riflemen Squad
M1 Mortar Team
Infantry Support Center
Construct Motor Pool
M8 Greyhound Armored Car
Construct Medical Station
M1918 Browning Automatic Rifles
Grenade Package
M1 Anti-tank Gun Team
Engineer Squad
M24 Chaffee Light Tank
Selects Raiding Flares
Selects SSF Commando Squad
Selects Mark Vehicle
Selects M4A1 Sherman Whizbang
M4A1 Sherman Whizbang
M24 Chaffee Light Tank
M24 Chaffee Light Tank
Mark Vehicle
M1 Anti-tank Gun Team
Engineer Squad
Selects Raiding Flares
Selects SSF Commando Squad
Raiding Flares
Dahlian
Bish Bash Bosh
Artistóteles
Miles '+'
0
0
Comments
sign in to comment!
No comments posted yet!